 Dungeon Crawl Stone Soup version 0.16-a0-3425-gb4a0a08 (webtiles) character file.

175 NewYearsCrawler the Shield-Bearer (level 5, -1/36 (41) HPs)
             Began as a Formicid Fighter on Jan 1, 2015.
             Was an Initiate of Okawaru.
             Slain by Prince Ribbit (9 damage)
             ... on level 4 of the Dungeon.
             The game lasted 00:02:37 (1817 turns).

NewYearsCrawler the Shield-Bearer (FoFi)            Turns: 1817, Time: 00:02:37

HP:   -1/36 (41)    AC: 11    Str: 26    XL:     5   Next: 86%
MP:   0/7           EV:  6    Int:  8    God:    Okawaru [......]
Gold: 137           SH: 10    Dex: 10    Spells: 0 memorised, 4 levels left

rFire  . . .     SeeInvis +     u - +0 war axe
rCold  . . .     Clarity  .     l - +0 plate armour (curse)
rNeg   . . .     SustAb   .     c - +0 shield
rPois  +         Gourm    .     (helmet unavailable)
rElec  .         Spirit   +     (no cloak)
rCorr  .         Warding  .     (no gloves)
rMut   .         Stasis   +     (no boots)
MR     +....                    o - amulet of guardian spirit
Stlth  ..........               (no ring)
                                i - ring of protection from magic

@: mighty, somewhat resistant to hostile enchantments, extremely unstealthy
A: permanent stasis, dig shafts and tunnels, four strong arms, antennae 3,
poison resistance, regeneration 1, MP-powered wands 1
a: Dig, Shaft Self, Renounce Religion


You were on level 4 of the Dungeon.
You worshipped Okawaru.
Okawaru was noncommittal.
You were hungry.

You visited 1 branch of the dungeon, and saw 4 of its levels.

You collected 137 gold pieces.

Inventory:

Hand weapons
 a - a +0 war axe
 u - a +0 war axe (weapon)
Missiles
 f - 14 tomahawks (quivered)
Armour
 c - a +0 shield (worn)
 l - a cursed +0 plate armour (worn)
Jewellery
 i - a ring of protection from magic (left hand)
 o - an amulet of guardian spirit (around neck)
Magical devices
 m - a wand of disintegration (10)
 q - a wand of confusion (30)
Scrolls
 j - 2 scrolls of remove curse
 n - a scroll of noise {unknown}
 t - a scroll of enchant weapon {unknown}
Potions
 e - a potion of might
Comestibles
 d - 2 bread rations
 g - a beef jerky
 k - a fruit
 r - a chunk of flesh


   Skills:
 - Level 3.2 Fighting
 + Level 3.8 Axes
 - Level 3.2 Armour
 + Level 6.0 Shields


You had 4 spell levels left.
You didn't know any spells.

Dungeon Overview and Level Annotations

Branches:
Dungeon (4/15)
 Temple: D:4-7

Altars:
Elyvilon
Okawaru
Sif Muna

Annotations:
D:4 Prince Ribbit


Innate Abilities, Weirdness & Mutations

You are under a permanent stasis effect.
You can dig through walls and to a lower floor.
Your four strong arms can wield two-handed weapons with a shield.
You have a pair of large antennae on your head (SInv).
Your system is resistant to poisons.
Your natural rate of healing is unusually fast.
You expend magic power (3 MP) to slightly strengthen your wands.


Message History

You miss Prince Ribbit. Prince Ribbit hits you.
* * * LOW HITPOINT WARNING * * *
Prince Ribbit hits you.
* * * LOW HITPOINT WARNING * * *
Prince Ribbit momentarily phases out as your attack passes through him.
You block Prince Ribbit's attack.
Prince Ribbit blinks!
Prince Ribbit closely misses you.
There is a stone staircase leading up here.
You miss Prince Ribbit.
Prince Ribbit hops awkwardly around.
Prince Ribbit barely misses you. You block Prince Ribbit's attack.
Drink which item? (? for menu, Esc to quit)
It was a potion of decay.
You feel your flesh rotting away! You block Prince Ribbit's attack.
Drink which item? (? for menu, Esc to quit)
It was a potion of restore abilities.
You feel your intelligence returning.
Prince Ribbit hits you but does no damage.
Prince Ribbit hits you!
You die...

.... #......# ........
# ......#
{..####....### #
..........#... ##
#..........#
....#####F..)......#.
....[...@............#
..........^.......#..
#####...............#
##.#.[.#####.##.#
#..#...# .. ##%..#.$.
#.. ###.#<....
#......... ........>


You could see Prince Ribbit.

Vanquished Creatures
  Sigmund (D:3)
  4 adders
  A worm (D:2)
  2 giant cockroaches (D:2)
  8 hobgoblins
  5 jackals (D:3)
  11 kobolds
  2 oozes
  A quokka (D:3)
  4 bats
  A giant gecko (D:1)
  2 giant newts
  4 goblins
  15 rats
61 creatures vanquished.

Notes
Turn   | Place    | Note
--------------------------------------------------------------
     0 | D:1      | NewYearsCrawler, the Formicid Fighter, began the quest for the Orb.
     0 | D:1      | Reached XP level 1. HP: 18/18 MP: 1/1
    28 | D:1      | Reached skill level 4 in Shields
    37 | D:1      | Reached XP level 2. HP: 24/24 MP: 3/3
   274 | D:1      | Reached XP level 3. HP: 29/29 MP: 4/4
   625 | D:2      | Found an iron altar of Okawaru.
   641 | D:2      | Became a worshipper of Warmaster Okawaru
   804 | D:2      | Reached skill level 5 in Shields
   804 | D:2      | Reached XP level 4. HP: 30/35 MP: 5/5
   856 | D:2      | Found a deep blue altar of Sif Muna.
  1203 | D:3      | Noticed Sigmund
  1229 | D:3      | Killed Sigmund
  1229 | D:3      | Reached XP level 5. HP: 24/41 MP: 7/7
  1397 | D:3      | Found a white marble altar of Elyvilon.
  1780 | D:4      | Noticed Prince Ribbit
  1784 | D:4      | Reached skill level 6 in Shields
  1798 | D:4      | Gained mutation: Your system is resistant to poisons. [potion of mutation]
  1798 | D:4      | Gained mutation: You expend magic power (3 MP) to slightly strengthen your wands. [potion of mutation]
  1798 | D:4      | Gained mutation: Your natural rate of healing is unusually fast. [potion of mutation]
  1817 | D:4      | Slain by Prince Ribbit

Action                   |  1- 3 |  4- 6 || total
-------------------------+-------+-------++-------
Melee: War axe           |   127 |    98 ||   225
 Abil: Dig               |     1 |       ||     1
  Use: Scroll            |     1 |       ||     1
       Potion            |       |     5 ||     5
  Eat: Chunk             |       |     3 ||     3
